 Dungeon Crawl Stone Soup version 0.28.0-53-g5a82cb258f (webtiles) character file.

Game seed: 8954259422367138639

21627 mcbry74 the Scorcher (level 12, -22/81 HPs)
             Began as a Hill Orc Fire Elementalist on July 7, 2022.
             Was a Priest of Vehumet.
             Annihilated by a komodo dragon (29 damage)
             ... on level 1 of the Lair of Beasts.
             The game lasted 01:58:48 (26021 turns).

mcbry74 the Scorcher (Hill Orc Fire Elementalist)  Turns: 26021, Time: 01:58:50

Health: -22/81     AC: 10    Str: 12    XL:     12   Next: 92%
Magic:  0/18       EV: 12    Int: 19    God:    Vehumet [***...]
Gold:   711        SH:  0    Dex: 11    Spells: 1/19 levels left

rFire   + . .      SeeInvis .   b - +4 mace of Discretion {venom, rElec rCorr}
rCold   . . .      Faith    .   (no shield)
rNeg    . . .      Spirit   .   i - +2 robe {Archmagi}
rPois   .          Reflect  .   K - +0 helmet
rElec   +          Harm     .   Y - +0 cloak {Stlth+}
rCorr   +          Rampage  .   j - +0 pair of gloves {infuse}
Will    .....      Archmagi +   X - +0 pair of boots
Stlth   +++.......              l - amulet of the acrobat
HPRegen 0.23/turn               S - ring of flight
MPRegen 0.16/turn               g - ring of protection from fire

@: flying, studying Bows
A: no striking features
a: Renounce Religion


You were on level 1 of the Lair of Beasts.
You worshipped Vehumet.
Vehumet was most pleased with you.
You visited 4 branches of the dungeon, and saw 16 of its levels.

You collected 711 gold pieces.

Inventory:

Hand Weapons
 a - a +0 shortbow
 b - the +4 mace of Discretion (weapon) {venom, rElec rCorr}
   (You found it on level 4 of the Dungeon)

   It poisons the flesh of those it strikes.
   rElec:     It insulates you from electricity.
   rCorr:     It protects you from acid and corrosion.
 s - a +5 eveningstar of protection
 F - a +0 broad axe
Missiles
 U - 114 arrows
Armour
 c - a +0 kite shield
 i - a +2 robe of the Archmagi (worn)
 j - a +0 pair of gloves of infusion (worn)
 n - the +3 plate armour of the Dragon {Stlth+}
   (You found it on level 2 of the Lair of Beasts)

   Stlth:     It makes you more stealthy.
 z - the +1 pair of boots of Miuchyju {rPois Dex+2}
   (You found it on level 4 of the Dungeon)

   Dex:       It affects your dexterity (+2).
   rPois:     It protects you from poison.
 D - a +3 leather armour
 K - a +0 helmet (worn)
 L - a +0 troll leather armour
 X - a +0 pair of boots (worn)
 Y - a +0 cloak of stealth (worn)
Jewellery
 g - a ring of protection from fire (right hand)
 k - a ring of fire
 l - an amulet of the acrobat (around neck)
 o - a ring of willpower
 v - a ring of positive energy
 S - a ring of flight (left hand)
 W - a +6 ring of dexterity
Wands
 q - a wand of mindburst (13)
 H - a wand of charming (6)
 J - a wand of polymorph (13)
 Q - a wand of flame (32)
 V - a wand of digging (4)
 Z - a wand of iceblast (4)
Scrolls
 d - a scroll of brand weapon {unknown}
 e - 2 scrolls of immolation {unknown}
 m - a scroll of blinking
 p - a scroll of enchant weapon {unknown}
 r - 2 scrolls of magic mapping {unknown}
 t - 2 scrolls of fear {unknown}
 x - 4 scrolls of torment
 y - 2 scrolls of enchant armour {unknown}
 A - 3 scrolls of vulnerability {unknown}
 B - a scroll of noise {unknown}
 C - a scroll of silence {unknown}
 E - 3 scrolls of fog {unknown}
 O - 2 scrolls of teleportation {unknown}
Potions
 f - 2 potions of resistance
 h - 5 potions of flight
 u - 2 potions of attraction
 w - a potion of mutation
 G - 3 potions of might
 N - a potion of cancellation {unknown}
 P - a potion of magic {unknown}
 R - 4 potions of curing


   Skills:
 + Level 6.6 Maces & Flails
 + Level 7.0 Bows
 + Level 7.8 Armour
 - Level 1.5 Dodging
 - Level 1.5 Stealth
 + Level 4.4 Spellcasting
 * Level 8.4 Conjurations
 - Level 2.0 Translocations
 - Level 16.0 Fire Magic
 + Level 3.5 Evocations


You had one spell level left.
You knew the following spells:

 Your Spells              Type           Power      Damage    Failure   Level
a - Foxfire               Conj/Fire      100%       2x1d9     1%          1
b - Scorch                Fire           100%       2d10      1%          2
c - Starburst             Conj/Fire      33%        6d10      3%          6
d - Flame Wave            Conj/Fire      66%        2d12      1%          4
e - Inner Flame           Hex/Fire       51%        N/A       1%          3
f - Blink                 Tloc           34%        N/A       9%          2

Your spell library contained the following spells:

 Spells                   Type           Power      Damage    Failure   Level
 Stone Arrow              Conj/Erth      60%        3d10      1%          3
 Conjure Flame            Conj/Fire      66%        6-21      1%          3
 Dazzling Flash           Conj/Hex       60%        N/A       1%          3
 Iskenderun's Mystic Bla  Conj/Tloc      36%        2d9       4%          4
 Lesser Beckoning         Tloc           17%        N/A       17%         3
 Sublimation of Blood     Necr           6%         N/A       21%         2
 Wereblood                Tmut           6%         N/A       21%         2
 Manifold Assault         Tloc           17%        N/A       85%         5
 Summon Hydra             Summ           3%         N/A       100%        7


Dungeon Overview and Level Annotations

Branches:
Dungeon (12/15)            Temple (1/1) D:7            Lair (2/6) D:8
    Orc (1/2) D:11
  Swamp: Lair:2-4    Shoals: Lair:2-4     Snake: Lair:2-4    Spider: Lair:2-4

Altars:
Ashenzari
Cheibriados
Dithmenos
Elyvilon
Fedhas
Gozag
Hepliaklqana
Kikubaaqudgha
Makhleb
Nemelex Xobeh
Okawaru
Qazlal
Ru
Sif Muna
Trog
Uskayaw
Vehumet
Wu Jian
Xom
Yredelemnul
Zin
The Shining One


Message History

The komodo dragon is moderately wounded.
The komodo dragon's fire resistance burns away.
The komodo dragon bites you!!
Casting: Scorch (safe; 1% risk of failure)
Confirm with . or Enter, or press ? or * to list all spells.
You feel a surge of power!
Flames lash the komodo dragon.
The komodo dragon is burned terribly!
The komodo dragon is heavily wounded.
The komodo dragon closely misses you.
Casting: Scorch (safe; 1% risk of failure)
Confirm with . or Enter, or press ? or * to list all spells.
You feel a surge of power!
Flames lash the komodo dragon.
The komodo dragon is burned terribly!
The komodo dragon is heavily wounded.
The komodo dragon completely misses you.
Casting: Scorch (safe; 1% risk of failure)
Confirm with . or Enter, or press ? or * to list all spells.
You feel a surge of power!
Flames lash the komodo dragon.
The komodo dragon is burned terribly!
The komodo dragon is severely wounded.
The komodo dragon bites you!!
Casting: Scorch (safe; 1% risk of failure)
Confirm with . or Enter, or press ? or * to list all spells.
You feel a surge of power!
Flames lash the komodo dragon.
The komodo dragon is burned terribly!
The komodo dragon is almost dead.
The komodo dragon bites you but does no damage.
Casting: Scorch (safe; 1% risk of failure)
Confirm with . or Enter, or press ? or * to list all spells.
You feel a surge of power!
Flames lash the komodo dragon.
The komodo dragon is almost dead.
The komodo dragon bites you!!
* * * LOW HITPOINT WARNING * * *
Casting: Scorch (safe; 1% risk of failure)
Confirm with . or Enter, or press ? or * to list all spells.
You feel a surge of power!
Flames lash the komodo dragon.
The komodo dragon is burned terribly!
The komodo dragon is almost dead.
The komodo dragon bites you!!
You die...

P#.####.......P# ###.......# #...
##### ##.......###P#.......###...
##..###.......P#....##.######....
..............###...##### #....
........##....# #...###.#####....
........###...# ##.....###.......
...########...# ##....# #.......
...# #......#####....# #.......
...# #......##@##....# ####....
...# #......###l..#### #.... ...#
####....##...## #.... ...#
#....##....########.... #.##
####...###..........#####. ###
#......###..........## ## .###
#......##............##### ...##
#....รท.###.............##. ....#
#...>..###.............###


You could see a komodo dragon (combustible).

Vanquished Creatures
  Fannar (Lair:2)
  A boulder beetle (D:11)
  Erica (D:8)
  2 two-headed ogres
  Urug (Lair:2)
  Sonja (D:10)
  An ugly thing (D:11)
  2 cyclopes
  A black mamba (D:8)
  Maurice (D:10)
  Maggie (D:8)
  3 cane toads
  A kobold demonologist (D:9)
  2 komodo dragons (Lair:1)
  3 trolls
  A hornet (D:9)
  A slime creature (D:7)
  Prince Ribbit (Lair:1)
  3 blink frogs (Lair:1)
  34 yaks
  2 basilisks
  A wraith (D:10)
  2 wyverns
  A steam dragon (D:7)
  Grum (D:8)
  Menkaure (D:5)
  A warg (Orc:1)
  3 water moccasins
  3 black bears
  A sky beast (D:5)
  3 ice beasts
  4 orc warriors
  4 ogres
  2 necrophages
  2 centaurs
  3 wolves (D:8)
  2 kobold brigands
  5 bullfrogs
  2 wyvern zombies
  3 scorpions
  3 gnoll sergeants (D:9)
  A wyvern skeleton (D:5)
  9 killer bees
  2 water moccasin skeletons
  5 wights (D:8)
  2 howler monkeys
  3 electric eels
  3 lava snakes (D:9)
  3 centaur zombies
  5 orc priests
  A bullfrog skeleton (D:6)
  2 jellies (D:5)
  A bullfrog zombie (D:5)
  3 gnoll shamans
  4 hounds
  Jessica (D:3)
  3 centaur skeletons
  4 iguanas
  10 orc wizards
  2 killer bee zombies
  A hound skeleton (D:5)
  A howler monkey zombie (D:8)
  24 gnolls
  5 adders
  2 shadow imps
  A white imp (D:5)
  2 ufetubi
  2 worms (D:2)
  5 dart slugs
  30 orcs
  12 ball pythons
  3 bats
  5 endoplasms
  5 giant cockroaches
  5 hobgoblins
  3 jackals
  5 quokkas
  3 frilled lizards
  4 goblins
  14 kobolds
  5 rats
312 creatures vanquished.

Vanquished Creatures (others)
  395 foxfires
  5 fungi (Lair:2)
  13 plants
413 creatures vanquished.

Grand Total: 725 creatures vanquished

Notes
Turn   | Place    | Note
-------+----------+-------------------------------------------
     0 | D:1      | mcbry74 the Hill Orc Fire Elementalist began the quest for
                  | the Orb.
     0 | D:1      | Reached XP level 1. HP: 14/14 MP: 3/3
   150 | D:1      | Reached XP level 2. HP: 20/20 MP: 2/4
   459 | D:1      | Reached skill level 4 in Fire Magic
   702 | D:1      | Found a faded altar of an unknown god.
   705 | D:1      | Reached XP level 3. HP: 26/26 MP: 3/5
   830 | D:1      | Learned a level 2 spell: Scorch
  2659 | D:2      | Reached XP level 4. HP: 33/33 MP: 0/6
  3812 | D:2      | Reached skill level 5 in Fire Magic
  4118 | D:2      | Reached XP level 5. HP: 27/38 MP: 1/7
  4507 | D:3      | Noticed Jessica
  4511 | D:3      | Killed Jessica
  4554 | D:3      | Learned a level 3 spell: Conjure Flame
  4725 | D:3      | Reached skill level 6 in Fire Magic
  4725 | D:3      | Reached XP level 6. HP: 41/45 MP: 0/8
  5382 | D:4      | Reached skill level 7 in Fire Magic
  5931 | D:4      | Identified the +4 mace of Discretion {venom, rElec rCorr}
  6058 | D:4      | Found a burning altar of Makhleb.
  6058 | D:4      | Found an ancient bone altar of Kikubaaqudgha.
  6061 | D:4      | Identified the +1 pair of boots of Miuchyju {rPois Dex+2}
  6145 | D:4      | Reached XP level 7. HP: 50/50 MP: 5/9
  6354 | D:5      | Entered Level 5 of the Dungeon
  6925 | D:5      | Reached skill level 1 in Maces & Flails
  6925 | D:5      | Reached skill level 8 in Fire Magic
  7409 | D:5      | Noticed Menkaure
  7888 | D:5      | Found a shimmering altar of Xom.
  8101 | D:5      | Reached skill level 9 in Fire Magic
  8101 | D:5      | Reached XP level 8. HP: 52/57 MP: 3/10
  8161 | D:5      | Learned a level 4 spell: Flame Wave
  8503 | D:5      | Killed Menkaure
  8623 | D:5      | Found a shadowy altar of Dithmenos.
  8625 | D:5      | Found a stormy altar of Qazlal.
  9064 | D:5      | Reached skill level 10 in Fire Magic
  9734 | D:6      | Reached skill level 5 in Maces & Flails
 10020 | D:6      | Reached skill level 11 in Fire Magic
 10020 | D:6      | Reached XP level 9. HP: 42/62 MP: 4/11
 10356 | D:6      | Found a basalt altar of Yredelemnul.
 10678 | D:5      | Reached skill level 12 in Fire Magic
 11279 | D:6      | Reached skill level 13 in Fire Magic
 11753 | D:7      | Noticed a cyclops
 11805 | D:7      | HP: 2/62 [orc warrior/+0 scimitar (6)]
 11829 | D:6      | Noticed a troll
 12387 | D:6      | Killed a troll
 12832 | D:7      | Reached XP level 10. HP: 69/69 MP: 5/12
 12914 | D:7      | Reached skill level 1 in Armour
 12914 | D:7      | Reached skill level 14 in Fire Magic
 13265 | D:7      | Found a staircase to the Ecumenical Temple.
 13276 | Temple   | Entered the Ecumenical Temple
 13302 | Temple   | Became a worshipper of Vehumet
 13406 | D:7      | Noticed a two-headed ogre
 14496 | D:7      | Killed a two-headed ogre
 14497 | D:7      | Reached skill level 15 in Fire Magic
 14831 | D:7      | Killed a cyclops
 15587 | D:8      | Found a staircase to the Lair.
 15884 | D:8      | Noticed Grum
 15890 | D:8      | Reached skill level 1 in Bows
 15945 | D:8      | Killed Grum
 15946 | D:8      | Reached skill level 5 in Armour
 16361 | D:8      | You fall into a shaft and drop 2 floors!
 16361 | D:10     | Entered Level 10 of the Dungeon
 16564 | D:10     | Reached * piety under Vehumet
 16564 | D:10     | Offered knowledge of Freeze by Vehumet.
 16565 | D:10     | Reached XP level 11. HP: 66/74 MP: 7/14
 16787 | D:10     | Noticed Sonja
 16790 | D:10     | Killed Sonja
 16907 | D:10     | Noticed Maurice
 16919 | D:10     | Killed Maurice
 17123 | D:8      | Noticed Maggie
 17132 | D:8      | Killed Maggie
 17325 | D:8      | Noticed Erica
 17335 | D:8      | Killed Erica
 17336 | D:8      | Reached skill level 5 in Conjurations
 18892 | D:9      | Offered knowledge of Poisonous Vapours by Vehumet.
 18898 | D:9      | Reached ** piety under Vehumet
 19861 | D:10     | Reached skill level 5 in Bows
 19934 | D:10     | Learned a level 3 spell: Inner Flame
 20460 | D:11     | Noticed a cyclops
 20466 | D:11     | Offered knowledge of Stone Arrow by Vehumet.
 20488 | D:11     | Killed a cyclops
 20489 | D:11     | Reached skill level 1 in Evocations
 20489 | D:11     | Reached XP level 12. HP: 60/81 MP: 12/17
 20592 | D:11     | Reached skill level 16 in Fire Magic
 20832 | D:11     | Found a broken altar of Ashenzari.
 21120 | D:11     | Noticed a two-headed ogre
 21129 | D:11     | Killed a two-headed ogre
 21414 | D:11     | Noticed a boulder beetle
 21781 | D:11     | Killed a boulder beetle
 22092 | D:11     | Found a staircase to the Orcish Mines.
 22650 | D:11     | Learned a level 2 spell: Blink
 22676 | Orc:1    | Entered Level 1 of the Orcish Mines
 22859 | Lair:1   | Entered Level 1 of the Lair of Beasts
 22901 | D:8      | Reached *** piety under Vehumet
 23045 | Lair:1   | Reached skill level 1 in Translocations
 23306 | D:8      | Learned a level 6 spell: Starburst
 23630 | Lair:1   | Noticed Prince Ribbit
 23648 | Lair:1   | Killed Prince Ribbit
 24808 | Lair:2   | Identified the +3 plate armour of the Dragon {Stlth+}
 24840 | Lair:2   | Noticed Urug
 25047 | Lair:2   | Killed Urug
 25266 | Lair:2   | Noticed Fannar
 25277 | Lair:2   | Killed Fannar
 26021 | Lair:1   | Annihilated by a komodo dragon

Illustrated notes

Levels and vault maps discovered:
D:1:      dpeg_arrival_oval, layout_loops_ring, chequers_ecumenical_altar_lobes
D:2:      layout_basic, minmay_misc_feat_five, roderic_st_hans_cross,
          nicolae_elevator_lobby_plus
D:3:      layout_basic, uniq_jessica
D:4:      layout_loops_ring, minitemple
D:5:      layout_loops_ring, dk_xom_monty_hall,
          gammafunk_temple_overflow_statue, uniq_menkaure
D:6:      layout_gridville, lemuel_crystal_altar, minivault_11
D:7:      layout_gridville, minmay_temple_entry_steel_oval,
          minmay_manual_monstrance
D:8:      layout_loops_ring, dpeg_oklobed_lair, uniq_erica, uniq_maggie,
          uniq_grum
D:9:      layout_irregular_city, kennysheep_dice
D:10:     layout_loops_cross, uniq_sonja, uniq_maurice
D:11:     layout_stronghold, orc_0_dummy, ashenzari_altar_1
D:12:     layout_basic, minmay_fractal_squares_gapless_7
Temple:   lightli_temple_of_artemis
Lair:1:   layout_cellular_growth, nicolae_quartered_pool_little,
          uniq_prince_ribbit2
Lair:2:   layout_regular_city, elwin_shoals_entry_rocks, serial_bayou_shore_a,
          lemuel_fruit_tree, uniq_urug, uniq_fannar
Orc:1:    layout_caves, ebering_ghost_reflecting_pool, bloody_makhleb

Skill      XL: |  1  2  3  4  5  6  7  8  9 10 11 12 |
---------------+-------------------------------------+-----
Fire Magic     | 4 5 6 7 9 11 13 15 16 | 16.0
Conjurations   | 2 3 6 8 |  8.4
Maces & Flails | 2 5 6 |  6.6
Armour         | 5 6 7 |  7.8
Bows           | 2 5 7 |  7.0
Spellcasting   | 2 3 4 |  4.4
Evocations     | 1 3 |  3.5
Translocations | 2 |  2.0
Dodging        | |  1.5
Stealth        | |  1.5

Action                   |  1- 3 |  4- 6 |  7- 9 | 10-12 || total
-------------------------+-------+-------+-------+-------++-------
Melee: Unarmed           |     2 |     1 |       |       ||     3
       War axe           |       |     8 |       |       ||     8
       Mace              |       |       |    44 |   118 ||   162
       Punch             |       |       |     1 |     2 ||     3
 Fire: Shortbow          |       |       |       |    91 ||    91
 Cast: Foxfire           |    47 |    72 |    66 |    42 ||   227
       Scorch            |     8 |    12 |    91 |   252 ||   363
       Flame Wave        |       |       |       |    17 ||    17
       Inner Flame       |       |       |       |     7 ||     7
       Starburst         |       |       |       |     6 ||     6
  Use: Scroll            |       |       |     3 |     9 ||    12
       Potion            |       |       |       |     1 ||     1
Armor: Robe              |     2 |     3 |    21 |    42 ||    68
       Troll leather arm |       |       |       |    47 ||    47
Dodge: Dodged            |    17 |    23 |    44 |   223 ||   307
